 Dungeon Crawl Stone Soup version 0.16-a0-734-gc254e8c (webtiles) character file.

5248 Jenx the Basher (level 10, -9/56 HPs)
             Began as a Gargoyle Fighter on Sept 21, 2014.
             Was a Follower of Okawaru.
             Mangled by a komodo dragon (17 damage)
             ... on Level 9 of the Dungeon on Sept 22, 2014.
             The game lasted 00:24:20 (7483 turns).

Jenx the Basher (Gargoyle Fighter)                  Turns: 7483, Time: 00:24:21

HP  -9/56        AC 27     Str 20      XL: 10   Next: 62%
MP  10/10        EV  4     Int 10      God: Okawaru [*.....]
Gold 468         SH  9     Dex 11      Spells:  0 memorised,  9 levels left

rFire  + . .     SeeInvis .     a - +2 whip (elec)
rCold  . . .     Clarity  .     L - +0 plate armour
rNeg   + . .     rCorr    .     c - +0 shield
rPois  +         rRot     +     V - +0 helmet
rElec  +         Spirit   .     x - +0 cloak
SustAb .         Warding  .     B - +1 pair of gloves
rMut   .         Stasis   .     l - +0 pair of boots
Gourm  +                        I - amulet of the gourmand
MR     .....                    (no ring)
                                h - ring of protection from fire

@: not resistant to hostile enchantments, extremely unstealthy
A: negative energy resistance 1, electricity resistance, unbreathing,
petrification resistance, rot immunity, AC +7
a: Heroism, Renounce Religion


You were on level 9 of the Dungeon.
You worshipped Okawaru.
Okawaru was aware of your devotion.
You were full.

You visited 2 branches of the dungeon, and saw 10 of its levels.

You collected 468 gold pieces.

Inventory:

Hand weapons
 a - a +2 whip of electrocution (weapon)
 b - a +0 blowgun
 H - a +2 flail of draining
Missiles
 o - 16 poisoned needles
 J - 4 javelins (quivered)
Armour
 c - a +0 shield (worn)
 l - a +0 pair of boots (worn)
 x - a +0 cloak (worn)
 B - a +1 pair of gloves (worn)
 D - the +4 ring mail of the Known World {Int+2}
   (You found it on level 5 of the Dungeon)

   It affects your intelligence (+2).
 L - a +0 plate armour (worn)
 V - a +0 helmet (worn)
Magical devices
 k - a wand of disintegration (5)
 z - a wand of fire (6)
 F - a wand of slowing (0)
 K - a wand of magic darts (11)
 U - a wand of magic darts (12)
Comestibles
 d - 4 bread rations
 i - 7 meat rations
 t - 3 beef jerkies
 N - 29 fruits
Scrolls
 g - 2 scrolls of immolation
 m - 2 scrolls of fear
 p - 6 scrolls of remove curse {unknown}
 r - 2 scrolls of enchant weapon {unknown}
 u - a scroll of random uselessness {unknown}
 v - a scroll of magic mapping {unknown}
 y - a scroll of fog {unknown}
 C - a scroll of acquirement {unknown}
 E - a scroll of teleportation {unknown}
 M - 3 scrolls of enchant armour {unknown}
 W - a scroll of amnesia {unknown}
 Y - a scroll of identify
Jewellery
 h - a ring of protection from fire (left hand)
 I - an amulet of the gourmand (around neck)
 R - a +4 ring of dexterity {unknown}
Potions
 e - 2 potions of might
 f - 2 potions of poison {unknown}
 j - 2 potions of brilliance {unknown}
 n - 2 potions of agility {unknown}
 q - 3 potions of haste
 s - a potion of confusion {unknown}
 w - 4 potions of curing {unknown}
 A - 2 potions of resistance {unknown}
 G - a potion of magic {unknown}
 O - a potion of mutation {unknown}
 P - a potion of cancellation {unknown}
 X - a potion of heal wounds {unknown}
Books
 Q - a book of Frost

   Spells                             Type                      Level
   Freeze                             Ice                          1
   Throw Frost                        Conjuration/Ice              2
   Ozocubu's Armour                   Charms/Ice                   3
   Throw Icicle                       Conjuration/Ice              4
   Summon Ice Beast                   Ice/Summoning                4
   Condensation Shield                Ice                          4
 S - a book of Enchantments

   Spells                             Type                      Level
   Tukima's Dance                     Hexes                        3
   Cause Fear                         Hexes                        4
   Silence                            Hexes/Air                    5
   Deflect Missiles                   Charms/Air                   6
   Haste                              Charms                       6
   Discord                            Hexes                        8
 T - a book of the Dragon

   Spells                             Type                      Level
   Flight                             Charms/Air                   3
   Cause Fear                         Hexes                        4
   Bolt of Fire                       Conjuration/Fire             6
   Dragon Form                        Transmutation                7
   Dragon's Call                      Summoning                    9


   Skills:
 - Level 3.2 Fighting
 * Level 13.0 Maces & Flails
 - Level 4.0 Throwing
 + Level 8.1 Armour
 - Level 3.2 Shields


You had 9 spell levels left.
You didn't know any spells.

Dungeon Overview and Level Annotations

Branches:
Dungeon (9/15)             Temple (1/1) D:5             Orc (0/4) D:9
   Lair: D:8-11

Altars:
Ashenzari
Cheibriados
Dithmenos
Elyvilon
Fedhas
Gozag
Kikubaaqudgha
Makhleb
Nemelex Xobeh
Okawaru
Qazlal
Ru
Sif Muna
Trog
Vehumet
Xom
Yredelemnul
Zin
The Shining One


Innate Abilities, Weirdness & Mutations

You are resistant to torment.
You are immune to poison.
Your stone body is very resilient (AC +7).
You resist negative energy.
You are resistant to electric shocks.
You can survive without breathing.
You are immune to petrification.
You are immune to rotting.


Message History

You hit the komodo dragon.
The komodo dragon is heavily wounded.
The komodo dragon bites you!
* * * LOW HITPOINT WARNING * * *
You closely miss the komodo dragon.
The komodo dragon is heavily wounded.
You block the komodo dragon's attack.
You hit the komodo dragon.
There is a sudden explosion of sparks!
The komodo dragon is almost dead.
You closely miss the komodo dragon.
The komodo dragon is almost dead.
The komodo dragon bites you.
* * * LOW HITPOINT WARNING * * *
Evoke which item? (* to show all) (? for menu, Esc to quit)
Zapping:
k - a wand of disintegration {zapped: 1}
Press: ? - help, Shift-Dir - straight line, f - komodo dragon
Aim: a komodo dragon (almost dead)
The komodo dragon resists with significant effort.
The komodo dragon bites you!
You die...

##
###########################
...
.........l@.............>..
....
..............#############
..... .............# ......
.............#
....................#######
............<.............>.
...........................
............................
........###########...#####


You could see a komodo dragon.

Vanquished Creatures
  The ghost of zordkkahn the Thrower, an experienced TrHu of the Shining One (D:9)
  The ghost of PolkaDot the Insei, an average DrMo of Qazlal (D:6)
  Eustachio (D:6)
  A hippogriff (D:8)
  Edmund (D:6)
  4 orc warriors
  3 phantoms
  2 sky beasts
  An ice beast (D:5)
  A necrophage (D:6)
  5 ogres
  A manticore skeleton (D:8)
  Duvessa (D:5)
  3 centaurs (D:6)
  5 giant frogs
  A gnoll sergeant (D:8)
  A wyvern skeleton (D:6)
  11 killer bees (D:7)
  A yak skeleton (D:7)
  An eye of draining (D:9)
  3 wights (D:8)
  Dowan (D:5)
  2 crimson imps
  A gnoll shaman (D:8)
  6 hounds
  4 orc wizards
  4 jellies
  2 orc priests
  An iguana (D:6)
  4 worker ants
  Natasha (thrice) (D:5)
  2 hound zombies
  A hound skeleton (D:9)
  A worker ant zombie (D:6)
  13 adders
  10 gnolls (D:8)
  2 shadow imps (D:6)
  3 giant mites
  2 worms
  An orc zombie (D:7)
  3 giant geckos
  28 orcs
  10 hobgoblins
  5 jackals
  4 quokkas
  A ball python (D:8)
  14 bats
  5 giant cockroaches
  5 giant newts
  8 goblins
  A hobgoblin zombie (D:8)
  10 kobolds
  A kobold zombie (D:7)
  10 rats
217 creatures vanquished.

Notes
Turn   | Place    | Note
--------------------------------------------------------------
     0 | D:1      | Jenx, the Gargoyle Fighter, began the quest for the Orb.
     0 | D:1      | Reached XP level 1. HP: 14/14 MP: 1/1
     0 | D:1      | Upgraded the game from 0.16-a0-715-g16937c4 to 0.16-a0-734-gc254e8c
   297 | D:1      | Reached XP level 2. HP: 16/19 MP: 2/2
   642 | D:2      | Reached XP level 3. HP: 13/23 MP: 3/3
   862 | D:2      | Found a basalt altar of Yredelemnul.
   863 | D:2      | Found an opulent altar of Gozag.
   875 | D:2      | Reached skill level 4 in Maces & Flails
  1176 | D:2      | Reached XP level 4. HP: 26/28 MP: 4/4
  2236 | D:4      | Reached XP level 5. HP: 19/32 MP: 5/5
  2240 | D:4      | Reached skill level 5 in Maces & Flails
  2282 | D:4      | Found a shadowy altar of Dithmenos.
  2715 | D:5      | Entered Level 5 of the Dungeon
  2743 | D:5      | Noticed an ice beast
  2751 | D:5      | Killed an ice beast
  2751 | D:5      | Reached skill level 6 in Maces & Flails
  2751 | D:5      | Reached XP level 6. HP: 25/37 MP: 6/6
  2837 | D:5      | Found a staircase to the Ecumenical Temple.
  2837 | D:5      | Noticed Natasha
  2846 | D:5      | Killed Natasha
  2852 | Temple   | Entered the Ecumenical Temple
  3104 | D:5      | Found a sacrificial altar of Ru.
  3155 | D:5      | Got an ichor-stained ring mail
  3262 | D:5      | Noticed Natasha
  3269 | D:5      | Reached skill level 7 in Maces & Flails
  3269 | D:5      | Reached XP level 7. HP: 39/41 MP: 7/7
  3270 | D:5      | Killed Natasha
  3343 | D:5      | Noticed Natasha
  3346 | D:5      | Killed Natasha
  3551 | D:5      | Noticed Duvessa
  3551 | D:5      | Noticed Dowan
  3562 | D:5      | Killed Dowan
  3569 | D:5      | Killed Duvessa
  3580 | D:5      | Identified the +4 ring mail of the Known World {Int+2} (You found it on level 5 of the Dungeon)
  3845 | D:6      | Reached skill level 8 in Maces & Flails
  3877 | D:6      | Noticed Eustachio
  3882 | D:6      | Reached XP level 8. HP: 44/46 MP: 8/8
  3890 | D:6      | Killed Eustachio
  3890 | D:6      | Reached skill level 5 in Armour
  3971 | D:6      | Reached skill level 9 in Maces & Flails
  3971 | D:6      | Reached skill level 1 in Throwing
  4185 | D:6      | Noticed Edmund
  4202 | D:6      | Killed Edmund
  4206 | D:6      | Reached skill level 10 in Maces & Flails
  4206 | D:6      | Reached XP level 9. HP: 45/51 MP: 9/9
  4539 | D:6      | Noticed PolkaDot's ghost (average DrMo)
  4557 | D:6      | Killed PolkaDot's ghost
  4867 | D:7      | Reached skill level 11 in Maces & Flails
  5379 | D:7      | Found a stormy altar of Qazlal.
  5379 | D:7      | Found a blossoming altar of Fedhas.
  5414 | D:7      | Reached XP level 10. HP: 37/56 MP: 10/10
  5513 | D:7      | Reached skill level 12 in Maces & Flails
  5554 | D:7      | Found a snail-covered altar of Cheibriados.
  5554 | D:7      | Found a glowing golden altar of the Shining One.
  6394 | D:8      | Found an iron altar of Okawaru.
  6395 | D:8      | Found a bloodstained altar of Trog.
  6408 | D:8      | Became a worshipper of Warmaster Okawaru
  7027 | D:9      | Noticed zordkkahn's ghost (experienced TrHu)
  7043 | D:9      | Killed zordkkahn's ghost
  7043 | D:9      | Acquired Okawaru's first power
  7117 | D:9      | Found a staircase to the Orcish Mines.
  7305 | D:9      | Found a radiant altar of Vehumet.
  7391 | D:9      | Reached skill level 13 in Maces & Flails
  7483 | D:9      | Mangled by a komodo dragon

Action                   |  1- 3 |  4- 6 |  7- 9 | 10-12 || total
-------------------------+-------+-------+-------+-------++-------
Melee: Flail             |   177 |    78 |    39 |    10 ||   304
       Whip              |       |    99 |   416 |   274 ||   789
 Fire: Blowgun           |       |     5 |     7 |       ||    12
Throw: Javelin           |       |       |     3 |     1 ||     4
Evoke: Wand              |       |     1 |     2 |     1 ||     4
  Use: Scroll            |       |       |     6 |     1 ||     7
  Eat: Chunk             |     1 |     3 |    17 |     5 ||    26
       Fruit             |       |     5 |       |       ||     5
       Beef jerky        |       |       |     1 |       ||     1
